 Dungeon Crawl Stone Soup version 0.17.0-23-g0de4337 (webtiles) character file.

384 ventricule the Ruffian (level 6, -6/53 HPs)
             Began as a Troll Summoner on Nov 14, 2015.
             Shot with an arrow by a centaur (10 damage)
             ... on level 5 of the Dungeon.
             The game lasted 00:08:46 (2531 turns).

ventricule the Ruffian (Troll Summoner)             Turns: 2531, Time: 00:08:47

Health: -6/53      AC:  4    Str: 17    XL:     6   Next: 47%
Magic:  6/6        EV: 10    Int: 11    God:
Gold:   224        SH:  0    Dex: 12    Spells: 1 memorised, 6 levels left

rFire  . . .     SeeInvis .       - Unarmed
rCold  . . .     Clarity  .     a - +1 robe
rNeg   . . .     SustAt   .     (no shield)
rPois  .         Gourm    +     (helmet restricted)
rElec  .         Spirit   .     (no cloak)
rCorr  .         Warding  .     (gloves unavailable)
rMut   .         Stasis   .     (boots unavailable)
MR     .....                    (no amulet)
Stlth  +.........               k - ring of wizardry
                                d - -2 ring of protection (curse)

@: not resistant to hostile enchantments, very unstealthy
A: unfitting armour, claws 3, fast metabolism 3, gourmand, regeneration 2,
shaggy fur 1, tough skin 2
a: no special abilities


You were on level 5 of the Dungeon.
You were full.

You visited 1 branch of the dungeon, and saw 5 of its levels.

You collected 224 gold pieces.


Innate Abilities, Weirdness & Mutations

You are too large for most types of armour.
You have claws for hands.
Your metabolism is lightning-fast.
You like to eat raw meat.
You heal very quickly.
You are covered in fur (AC +1).
You have very tough skin (AC +2).


   Skills:
 - Level 1.5 Dodging
 - Level 1.1 Stealth
 + Level 6.6 Unarmed Combat
 - Level 1.2 Spellcasting
 - Level 2.9 Summonings


You had 6 spell levels left.
You knew the following spells:

 Your Spells              Type           Power        Failure   Level  Hunger
z - Summon Small Mammal   Summ           #...         4%          1    ##.....

Inventory:

Hand Weapons
 j - a +2 hunting sling of evasion
Armour
 a - a +1 robe (worn)
Jewellery
 d - a cursed -2 ring of protection (left claw)
 k - a ring of wizardry (right claw)
Scrolls
 g - a scroll of teleportation {@r4}
 p - a scroll of recharging
 q - 2 scrolls of enchant weapon
Potions
 e - 2 potions of cancellation
 f - 3 potions of curing {@q1}
 h - a potion of brilliance {unknown}
 i - 2 potions of might {unknown}
 m - 3 potions of agility
 n - 2 potions of degeneration {!q}
 r - a potion of poison {unknown}
Books
 b - a book of Callings

   Spells                             Type                      Level
   a - Summon Small Mammal            Summoning                    1
   b - Call Imp                       Summoning                    2
   c - Call Canine Familiar           Summoning                    3
   d - Summon Guardian Golem          Hexes/Summoning              3
   e - Summon Lightning Spire         Summoning/Air                4
   f - Summon Ice Beast               Ice/Summoning                4
 o - a book of Geomancy

   Spells                             Type                      Level
   a - Sandblast                      Earth                        1
   b - Stoneskin                      Transmutation/Earth          2
   c - Passwall                       Transmutation/Earth          3
   d - Stone Arrow                    Conjuration/Earth            3
   e - Petrify                        Transmutation/Earth          4
   f - Lee's Rapid Deconstruction     Earth                        5
Comestibles
 c - 3 bread rations
 l - 3 meat rations
 s - a chunk of flesh

Dungeon Overview and Level Annotations

Branches:
Dungeon (5/15)
 Temple: D:4-7

Altars:
Dithmenos
Qazlal
Trog
Xom

Annotations:
D:2 Sigmund
D:4 exclusion: 2 ogres

.......▒
▒.........▒
..<....▒
▒.........▒▒▒..
.......▒
▒..............
.......▒
▒▒▒▒▒▒▒(▒.▒▒▒..
.......▒ ▒.▒.▒
▒▒▒▒▒▒▒▒ ▒.▒ ▒
▒(▒ ▒(▒ ▒T▒
▒..▒ ▒c▒▒ ▒. ▒.
▒. ▒. ▒.


You could see a centaur.


Message History

The worker ant is lightly wounded.
The worker ant closely misses you.
You claw the worker ant!
The worker ant is almost dead.
The worker ant barely misses you.
You claw the worker ant!
You kill the worker ant!
You see here a worker ant corpse.
You see here a worker ant corpse.
You butcher the worker ant corpse.
s - 2 chunks of flesh Eat one of 2 chunks of flesh? (ye/n/q/i?) HP restored.
A centaur comes into view.
The centaur shouts!
The centaur wields a shortbow.
The centaur shoots an arrow.
The arrow hits you!
The centaur shoots an arrow.
The arrow hits you!
You see here 2 arrows.
The centaur shoots an arrow.
The arrow closely misses you.
The centaur shoots an arrow.
The arrow hits you!
* * * LOW HITPOINT WARNING * * *
The centaur shoots an arrow.
The arrow barely misses you.
You see here an arrow.
The centaur shoots an arrow.
The arrow hits you!
* * * LOW HITPOINT WARNING * * *
The centaur shoots an arrow.
The arrow hits you!
* * * LOW HITPOINT WARNING * * *
You see here an arrow.
The centaur shoots an arrow.
The arrow hits you!
You die...

Action                   |  1- 3 |  4- 6 || total
-------------------------+-------+-------++-------
Melee: Unarmed           |   102 |   118 ||   220
  Use: Scroll            |       |    11 ||    11
 Stab: Sleeping          |       |     1 ||     1
  Eat: Chunk             |     7 |    17 ||    24
       Beef jerky        |     1 |       ||     1

Vault maps used:
D:1:      erik_arrival_blinker_ship
D:2:      trog_book, uniq_sigmund, uniq_natasha
D:3:      lemuel_round_altar, hangedman_abyss_or_decor_stabs
D:4:      nicolae_overflow_hidden_temple
D:5:      nicolae_dithmenos_shadow_blocks, first_bread,
          nicolae_ossuary_entry_monument, minivault_25

Notes
Turn   | Place    | Note
--------------------------------------------------------------
     0 | D:1      | ventricule the Troll Summoner began the quest for the Orb.
     0 | D:1      | Reached XP level 1. HP: 16/16 MP: 1/1
    67 | D:1      | Reached skill level 1 in Unarmed Combat
    82 | D:1      | Reached XP level 2. HP: 22/24 MP: 2/2
   715 | D:1      | Reached skill level 2 in Unarmed Combat
  1027 | D:2      | Noticed Natasha
  1027 | D:2      | Found a bloodstained altar of Trog.
  1045 | D:2      | Killed Natasha
  1045 | D:2      | Reached skill level 3 in Unarmed Combat
  1045 | D:2      | Reached XP level 3. HP: 11/31 MP: 3/3
  1178 | D:2      | Noticed Natasha
  1183 | D:2      | Killed Natasha
  1183 | D:2      | Reached XP level 4. HP: 27/39 MP: 4/4
  1283 | D:2      | Noticed Sigmund
  1428 | D:2      | Noticed Natasha
  1438 | D:2      | Reached skill level 4 in Unarmed Combat
  1445 | D:2      | Killed Natasha
  1646 | D:3      | You fall through a shaft!
  1725 | D:4      | Reached XP level 5. HP: 28/45 MP: 5/5
  1801 | D:4      | Reached skill level 5 in Unarmed Combat
  1848 | D:4      | Noticed an ogre
  2036 | D:4      | Noticed an ogre
  2183 | D:5      | Entered Level 5 of the Dungeon
  2218 | D:5      | Found a shadowy altar of Dithmenos.
  2308 | D:5      | Noticed a phantom
  2334 | D:5      | Killed a phantom
  2334 | D:5      | Reached skill level 6 in Unarmed Combat
  2334 | D:5      | Reached XP level 6. HP: 32/53 MP: 6/6
  2349 | D:4      | Found a stormy altar of Qazlal.
  2349 | D:4      | Found a shimmering altar of Xom.
  2526 | D:5      | Noticed a centaur
  2530 | D:5      | HP: 3/53 [centaur/arrow (13)]
  2531 | D:5      | Shot with an arrow by a centaur

Vanquished Creatures
  A phantom (D:5)
  A giant frog zombie (D:5)
  2 hounds
  2 orc wizards (D:4)
  Natasha (thrice) (D:2)
  A worker ant (D:5)
  2 adders (D:2)
  An adder skeleton (D:4)
  3 worms
  8 orcs
  7 bats
  6 hobgoblins
  2 ball pythons
  A giant gecko (D:2)
  A giant gecko zombie (D:5)
  A giant newt (D:4)
  3 goblins
  2 jackals (D:1)
  A jackal skeleton (D:5)
  5 kobolds
  7 rats
60 creatures vanquished.
